[Event "1st Bangalore GM-Open-A 2024"]
[Site "Bangalore"]
[Date "2024.01.19"]
[Round "2.32"]
[White "Ram Aravind L N"]
[Black "Pattnayak Nilsu"]
[Result "1/2-1/2"]
[ECO "A18"]
[WhiteElo "2332"]
[BlackElo "1987"]
[Annotator "RC"]
[PlyCount "124"]
[EventDate "2024.01.20"]
[EventType "swiss"]
[EventCountry "IND"]
[SourceTitle "playchess.com"]
[Source "ChessBase"]
[SourceQuality "1"]
[TimeControl "5400+30"]

1. c4 Nf6 2. Nc3 e6 3. e4 d5 4. e5 d4 5. exf6 dxc3 6. bxc3 gxf6 7. d4 e5 8. Nf3 Nc6 9. Bd3 Bg4 10. h3 Bh5 11. Be3 exd4 12. cxd4 Bb4+ 13. Kf1 Bc3 14. g4 Bxa1 15. Qxa1 Bg6 16. Bxg6 fxg6 17. d5 Nb8 18. Ng5 Nd7 19. Ne6 Qe7 20. Kg2 Kf7 21. h4 c6 22. Bf4 cxd5 23. Re1 Qb4 24. g5 Rhe8 25. cxd5 Qc4 26. Rd1 Rxe6 27. dxe6+ Qxe6 28. Rd6 Qg4+ 29. Bg3 fxg5 30. hxg5 Re8 31. Qb1 Nc5 32. Qc1 b6 33. Qd2 Qe4+ 34. Kh2 Re6 35. Rd4 Qc6 36. Qf4+ Kg7 37. Rd8 Re8 38. Qd4+ Kf7 39. Qf4+ Kg7 40. Rxe8 Qxe8 41. Qf6+ Kg8 42. Be5 Qd7 43. Bb2 Ne6 44. Qh8+ Kf7 45. Qxh7+ Ke8 46. Qxg6+ Qf7 47. Qxf7+ Kxf7 48. Bc1 Kg6 49. f4 Kf5 50. Kg3 b5 51. Bd2 a5 52. Kh4 b4 53. Kh5 Nf8 54. Kh6 Ng6 55. Kh5 Nf8 56. Kh6 Ng6 57. Kh7 a4 58. Bxb4 Nxf4 59. Kh6 Ng6 60. Bd6 Nh8 61. Be7 Nf7+ 62. Kh5 Nxg5 1/2-1/2

[Event "1st Bangalore GM-Open-A 2024"]
[Site "Bangalore"]
[Date "2024.01.19"]
[Round "2.33"]
[White "Neelotpal, Das"]
[Black "Sadbhav Rautela"]
[Result "1/2-1/2"]
[ECO "E17"]
[WhiteElo "2329"]
[BlackElo "1949"]
[Annotator "RC"]
[PlyCount "150"]
[EventDate "2024.01.20"]
[EventType "swiss"]
[EventCountry "IND"]
[SourceTitle "playchess.com"]
[Source "ChessBase"]
[SourceQuality "1"]
[TimeControl "5400+30"]

1. d4 Nf6 2. c4 e6 3. Nf3 b6 4. g3 Bb7 5. Bg2 Be7 6. O-O O-O 7. d5 exd5 8. Nh4 c6 9. cxd5 Nxd5 10. Nf5 Na6 11. e4 Ndc7 12. Qg4 Ne6 13. Nc3 Nac5 14. Rd1 Ba6 15. Bf4 Nd3 16. Rxd3 Bxd3 17. Rd1 Ba6 18. Nxe7+ Qxe7 19. Bd6 Qf6 20. e5 Qg6 21. Qa4 Bd3 22. Bxf8 Bc2 23. Qa6 Bxd1 24. Bd6 Qc2 25. Qb7 Rd8 26. h4 Bg4 27. Be7 Nc5 28. Bxc5 bxc5 29. Ne4 Qd1+ 30. Kh2 Bf3 31. Qc7 Rf8 32. Nc3 Qd3 33. Qxa7 Bxg2 34. Kxg2 Qd4 35. Qc7 f6 36. e6 dxe6 37. Qxc6 Qe5 38. a4 Rd8 39. a5 Qd6 40. Qa4 Ra8 41. h5 h6 42. Kh3 e5 43. g4 Qa6 44. Nd5 Qd3+ 45. Ne3 Kh8 46. Kg2 Qd4 47. Qc6 Qd8 48. Nc4 Rc8 49. Qe6 Rc7 50. Nd6 Qe7 51. Qd5 Rd7 52. Qa8+ Kh7 53. Qe4+ Kh8 54. Qa8+ Kh7 55. Qe4+ Kg8 56. Nf5 Qe6 57. Qa8+ Kh7 58. Ne3 Rc7 59. Qe4+ Kg8 60. Kg3 c4 61. Qa8+ Rc8 62. Qb7 Qc6 63. Qe7 Qc7 64. Nd5 Qc6 65. Ne3 Qc7 66. Nd5 Qc6 67. Ne3 Rb8 68. Nf5 Rb3+ 69. Kh2 Rb7 70. a6 Qxa6 71. Qe8+ Kh7 72. Qg6+ Kh8 73. Qe8+ Kh7 74. Qg6+ Kg8 75. Qe8+ Kh7 1/2-1/2

[Event "1st Bangalore GM-Open-A 2024"]
[Site "Bangalore"]
[Date "2024.01.19"]
[Round "2.34"]
[White "Nguyen, Duc Hoa"]
[Black "Ramnathan, Balasubramaniam"]
[Result "1-0"]
[ECO "A43"]
[WhiteElo "2322"]
[BlackElo "1916"]
[Annotator "RC"]
[PlyCount "127"]
[EventDate "2024.01.20"]
[EventType "swiss"]
[EventCountry "IND"]
[SourceTitle "playchess.com"]
[Source "ChessBase"]
[SourceQuality "1"]
[TimeControl "5400+30"]

1. e4 g6 2. d4 Bg7 3. f4 c5 4. d5 d6 5. Nf3 Nf6 6. Bb5+ Bd7 7. Qe2 Qa5+ 8. Nc3 Bxb5 9. Qxb5+ Qxb5 10. Nxb5 Na6 11. Nd2 O-O 12. c3 Rfc8 13. Ke2 Nc7 14. a4 b6 15. Kf3 a6 16. Nxc7 Rxc7 17. Nc4 Rb8 18. Rd1 Nd7 19. Be3 Kf8 20. g4 h6 21. h4 Kg8 22. Bf2 Rf8 23. Re1 b5 24. Na5 Nb6 25. axb5 axb5 26. Nc6 Na4 27. Ra2 e6 28. f5 exd5 29. exd5 Bf6 30. Bg3 Rd7 31. fxg6 fxg6 32. Kg2 Kf7 33. Rf1 Kg7 34. Re1 Kf7 35. c4 Nb6 36. cxb5 Nxd5 37. b3 Re8 38. Rxe8 Kxe8 39. Ra8+ Kf7 40. Rb8 Nb4 41. Nxb4 cxb4 42. b6 Ke6 43. b7 Be7 44. Rg8 Rxb7 45. Rxg6+ Kd5 46. Rxh6 Ra7 47. Rh5+ Ke4 48. g5 Kf5 49. Rh7 Rc7 50. Kh3 Kg6 51. Rh6+ Kf5 52. Rh8 Rc3 53. Rh7 Re3 54. Rf7+ Kg6 55. Rf4 Rxb3 56. Kg4 Kg7 57. Re4 Kf8 58. g6 Bf6 59. Bxd6+ Kg7 60. h5 Rb1 61. Kf5 Rf1+ 62. Bf4 b3 63. h6+ Kf8 64. Kxf6 1-0

[Event "1st Bangalore GM-Open-A 2024"]
[Site "Bangalore"]
[Date "2024.01.19"]
[Round "2.35"]
[White "Mohamed Anees M"]
[Black "Anup Shankar R"]
[Result "1/2-1/2"]
[ECO "A50"]
[WhiteElo "2319"]
[BlackElo "1912"]
[Annotator "RC"]
[PlyCount "103"]
[EventDate "2024.01.20"]
[EventType "swiss"]
[EventCountry "IND"]
[SourceTitle "playchess.com"]
[Source "ChessBase"]
[SourceQuality "1"]
[TimeControl "5400+30"]

1. Nf3 Nf6 2. g3 b6 3. Bg2 Bb7 4. c4 g6 5. O-O Bg7 6. Nc3 O-O 7. d4 Ne4 8. Nxe4 Bxe4 9. d5 a5 10. Nd4 Bxg2 11. Kxg2 e5 12. Nb5 d6 13. e4 Na6 14. f3 f5 15. Nc3 Qd7 16. Bd2 Rf7 17. Qe2 Raf8 18. Rab1 Nc5 19. b3 h6 20. Be3 Nxe4 21. fxe4 f4 22. Qd2 fxe3 23. Qxe3 h5 24. Rxf7 Qxf7 25. h4 Kh7 26. Qe2 Kg8 27. Nb5 Qd7 28. Rf1 Bf6 29. a3 Kg7 30. Qe3 Rf7 31. b4 axb4 32. axb4 Qd8 33. c5 bxc5 34. bxc5 dxc5 35. Qxc5 Qd7 36. Qc4 Re7 37. Qe2 c6 38. Nc3 cxd5 39. Nxd5 Rf7 40. Qb2 Qe6 41. Qb8 Bxh4 42. Rxf7+ Kxf7 43. gxh4 Qg4+ 44. Kf2 Qxh4+ 45. Ke3 Qe1+ 46. Kd3 Qd1+ 47. Kc4 Qd4+ 48. Kb5 Qb2+ 49. Nb4 Qe2+ 50. Kc5 Qxe4 51. Nd5 Kg7 52. Qe8 1/2-1/2

[Event "1st Bangalore GM-Open-A 2024"]
[Site "Bangalore"]
[Date "2024.01.19"]
[Round "2.36"]
[White "Bhosale Shriraj"]
[Black "Sahoo, Utkal Ranjan"]
[Result "1/2-1/2"]
[ECO "A04"]
[WhiteElo "1946"]
[BlackElo "2316"]
[Annotator "RC"]
[PlyCount "180"]
[EventDate "2024.01.20"]
[EventType "swiss"]
[EventCountry "IND"]
[SourceTitle "playchess.com"]
[Source "ChessBase"]
[SourceQuality "1"]
[TimeControl "5400+30"]

1. Nf3 f5 2. g3 Nf6 3. Bg2 g6 4. O-O Bg7 5. d3 O-O 6. e4 e6 7. e5 Ng4 8. d4 d6 9. Bg5 Qe8 10. Qc1 dxe5 11. h3 e4 12. hxg4 exf3 13. Bxf3 Bxd4 14. Bh6 Rf7 15. c3 Bh8 16. gxf5 Rxf5 17. Bg4 Rf7 18. Qe3 Nc6 19. Nd2 e5 20. Bf3 Ne7 21. g4 Be6 22. c4 Qc8 23. Qe2 Nc6 24. Bxc6 bxc6 25. f3 Qd8 26. Kg2 Qd4 27. b3 Rd8 28. Ne4 Qd3 29. Qxd3 Rxd3 30. Nc5 Rd6 31. Rad1 Bc8 32. Ne4 Rdd7 33. Nc5 Rxd1 34. Rxd1 Bg7 35. Be3 a6 36. g5 Rf8 37. b4 Re8 38. Kg3 Kf7 39. Rh1 Rh8 40. Nb3 Be6 41. Na5 Bd7 42. Nb3 Bf8 43. Bc5 Bd6 44. a3 Ke6 45. Be3 Kf5 46. Nd2 Be7 47. Ne4 Be6 48. Rc1 Rd8 49. Kf2 Bg8 50. Ng3+ Ke6 51. Rc3 Ra8 52. Ne4 Bf7 53. Bc1 Rb8 54. Re3 Kd7 55. Nf6+ Bxf6 56. gxf6 Bxc4 57. Rxe5 Re8 58. Rxe8 Kxe8 59. a4 Kf7 60. Bg5 Ke6 61. Kg3 Kf5 62. Kh4 h5 63. a5 c5 64. bxc5 c6 65. f4 Bf7 66. Kg3 Ke6 67. Bh6 Kd5 68. Bf8 Kc4 69. Kh4 Kb5 70. Kg5 Kxa5 71. Kh6 h4 72. Kg7 Bd5 73. Bd6 h3 74. f5 gxf5 75. f7 Bxf7 76. Kxf7 Kb5 77. Ke6 f4 78. Bxf4 Kxc5 79. Kf5 Kd4 80. Kg4 c5 81. Kxh3 c4 82. Kg2 Kd3 83. Kf2 a5 84. Ke1 Kc2 85. Bd6 a4 86. Ke2 c3 87. Ke3 Kb2 88. Kd3 c2 89. Ba3+ Kxa3 90. Kxc2 Kb4 1/2-1/2

[Event "1st Bangalore GM-Open-A 2024"]
[Site "Bangalore"]
[Date "2024.01.19"]
[Round "2.37"]
[White "Hegde, Ravi Gopal"]
[Black "Apoorv Kamble"]
[Result "1/2-1/2"]
[ECO "A08"]
[WhiteElo "1916"]
[BlackElo "2308"]
[Annotator "RC"]
[PlyCount "147"]
[EventDate "2024.01.20"]
[EventType "swiss"]
[EventCountry "IND"]
[SourceTitle "playchess.com"]
[Source "ChessBase"]
[SourceQuality "1"]
[TimeControl "5400+30"]

1. e4 c5 2. d3 Nc6 3. g3 d5 4. Nd2 Nf6 5. Bg2 dxe4 6. dxe4 e5 7. Ngf3 Be7 8. O-O Qc7 9. c3 O-O 10. Qe2 h6 11. Re1 Be6 12. Nh4 Rfd8 13. Nf5 Bf8 14. a4 Na5 15. Qf3 Nd7 16. Ne3 Nb6 17. Bf1 c4 18. Qh5 g6 19. Qf3 Rd6 20. Bg2 Qd7 21. Qe2 Rd8 22. Nd5 Qc6 23. Nf3 Bg4 24. Bxh6 Nxd5 25. exd5 Qxd5 26. Bxf8 Kxf8 27. Qxe5 Qxe5 28. Nxe5 Be6 29. Bf3 Rb6 30. Re2 Nb3 31. Rae1 Nc5 32. h4 Kg7 33. a5 Ra6 34. Ra1 Rb8 35. Bg4 Bxg4 36. Nxg4 Nb3 37. Ra4 b5 38. Ra3 Rxa5 39. Rxa5 Nxa5 40. Re7 Rb7 41. Re5 Nb3 42. h5 gxh5 43. Rxh5 Nc1 44. Ne5 f6 45. Nc6 Nd3 46. Nd4 a6 47. Ne6+ Kg8 48. Nc5 Nxc5 49. Rxc5 Rb6 50. Rc7 Rd6 51. Ra7 Rd1+ 52. Kg2 Ra1 53. Kf3 Ra2 54. Ke4 Rxb2 55. f4 Rg2 56. Rxa6 Rxg3 57. Rb6 Rxc3 58. Rxb5 Kg7 59. Kf5 Rf3 60. Rb7+ Kh6 61. Rf7 c3 62. Rxf6+ Kg7 63. Rc6 Rd3 64. Rc7+ Kf8 65. Kg5 Rd5+ 66. f5 c2 67. Kg6 Rd2 68. Rc8+ Ke7 69. f6+ Ke6 70. Rc6+ Kd5 71. Rc8 Rg2+ 72. Kf5 Rf2+ 73. Kg6 Rg2+ 74. Kf5 1/2-1/2

[Event "1st Bangalore GM-Open-A 2024"]
[Site "Bangalore"]
[Date "2024.01.19"]
[Round "2.38"]
[White "Omidi, Arya"]
[Black "Sriram Adarsh Uppala"]
[Result "1-0"]
[ECO "B30"]
[WhiteElo "2301"]
[BlackElo "1900"]
[Annotator "RC"]
[PlyCount "175"]
[EventDate "2024.01.20"]
[EventType "swiss"]
[EventCountry "IND"]
[SourceTitle "playchess.com"]
[Source "ChessBase"]
[SourceQuality "1"]
[TimeControl "5400+30"]

1. e4 c5 2. Nf3 Nc6 3. Bb5 e6 4. O-O Nge7 5. Re1 Nd4 6. Nxd4 cxd4 7. c3 a6 8. Bf1 Nc6 9. b4 Bd6 10. Na3 b5 11. Nc2 Be5 12. Bb2 Qf6 13. a4 Rb8 14. axb5 axb5 15. cxd4 Nxd4 16. Bxd4 Bxd4 17. Nxd4 Qxd4 18. Qc2 O-O 19. Qc3 Qxc3 20. dxc3 d5 21. exd5 exd5 22. Ra5 Bd7 23. Rd1 Bc6 24. f3 Rfd8 25. Kf2 Be8 26. Ke3 Rbc8 27. Ra3 Kf8 28. Rd2 Rc7 29. Kd4 Rdc8 30. Rda2 g5 31. Ra1 Kg7 32. Re1 Kf6 33. Ra6+ Kg7 34. Re3 Bd7 35. Rd6 Bc6 36. Bd3 Ra8 37. Re2 Ra1 38. Bc2 Bb7 39. Rb6 Rc4+ 40. Ke5 Bc6 41. Kd6 Ba8 42. Bd3 Rxc3 43. Bxb5 d4 44. Rd2 Re1 45. Kd7 Rce3 46. Rxd4 Re7+ 47. Kc8 Ra1 48. Bd7 h5 49. b5 Re2 50. Bc6 Rxg2 51. h3 Rc2 52. Rd7 Rac1 53. Rc7 Ra1 54. Rb8 Bxc6 55. Rxc6 Rb2 56. b6 Ra3 57. Rc5 Kg6 58. Kc7 Rxf3 59. b7 Rxh3 60. Rg8+ Kf6 61. b8=Q Rxb8 62. Rxb8 Rg3 63. Rb6+ Kg7 64. Kd6 h4 65. Ke5 h3 66. Rc1 Rf3 67. Rbb1 Kg6 68. Rf1 Re3+ 69. Kd4 Re7 70. Rbe1 Ra7 71. Ke3 f5 72. Kf2 Kh5 73. Kg3 Ra3+ 74. Kh2 f4 75. Ra1 Rb3 76. Rab1 Rd3 77. Rfd1 Rc3 78. Rdc1 Rd3 79. Rd1 Rc3 80. Rbc1 Rb3 81. Rc2 Kh4 82. Rd8 Kg4 83. Rcd2 Re3 84. R8d3 Re4 85. Rxh3 f3 86. Rf2 Re3 87. Rg3+ Kf4 88. Kh3 1-0

[Event "1st Bangalore GM-Open-A 2024"]
[Site "Bangalore"]
[Date "2024.01.19"]
[Round "2.39"]
[White "Jaiveer Mahendru"]
[Black "Uddipan Roy"]
[Result "1-0"]
[ECO "B90"]
[WhiteElo "2294"]
[BlackElo "1862"]
[Annotator "RC"]
[PlyCount "81"]
[EventDate "2024.01.20"]
[EventType "swiss"]
[EventCountry "IND"]
[SourceTitle "playchess.com"]
[Source "ChessBase"]
[SourceQuality "1"]
[TimeControl "5400+30"]

1. e4 c5 2. Nf3 d6 3. d4 cxd4 4. Nxd4 Nf6 5. Nc3 a6 6. Be3 e5 7. Nb3 Be7 8. h3 h5 9. Be2 Nbd7 10. Qd2 b5 11. a4 b4 12. Nd5 Bb7 13. Bf3 Nxd5 14. exd5 a5 15. O-O f5 16. g3 h4 17. Bg2 O-O 18. f4 Ba6 19. Rfe1 Bc4 20. fxe5 Bxb3 21. e6 Nf6 22. cxb3 Nh5 23. Rac1 hxg3 24. Bf3 Qe8 25. Rc7 f4 26. Bd4 Rf5 27. Qc2 Rg5 28. h4 Re5 29. Bxe5 dxe5 30. Rc1 Nf6 31. Qf5 Bd6 32. Rf7 Rc8 33. Rc6 Rxc6 34. dxc6 Bc5+ 35. Kh1 Qd8 36. c7 g2+ 37. Kxg2 Qd2+ 38. Kh3 Qe1 39. c8=Q+ Ne8 40. Qxe8+ Bf8 41. Qxf8# 1-0

[Event "1st Bangalore GM-Open-A 2024"]
[Site "Bangalore"]
[Date "2024.01.19"]
[Round "2.40"]
[White "Mukund Hemant Agarwal"]
[Black "Lalit Babu M R"]
[Result "0-1"]
[ECO "C05"]
[WhiteElo "1852"]
[BlackElo "2525"]
[Annotator "TA"]
[PlyCount "70"]
[EventDate "2024.01.20"]
[EventType "swiss"]
[EventCountry "IND"]
[SourceTitle "playchess.com"]
[Source "ChessBase"]
[SourceQuality "1"]
[TimeControl "5400+30"]

1. e4 e6 2. d4 d5 3. Nd2 Nf6 4. e5 Nfd7 5. f4 c5 6. c3 Nc6 7. Ndf3 Qb6 8. g3 {[%emt 0:00:35] [#]} Qa5 $146 {[%emt 0:10:10] C05: French Tarrasch: 3...Nf6 4 e5 Nfd7, 5 f4 and 5 Bd3 sidelines.} ({Predecessor:} 8... Be7 9. Ne2 a5 10. a3 a4 11. f5 Na5 12. Nf4 Nb3 13. Rb1 cxd4 14. cxd4 Nb8 15. Be3 Nc6 16. fxe6 Bxe6 17. Bd3 {0-1 Anton Guijarro,D (2627)-Kovalenko,I (2668) Eurasia Blitz Chess Cup 2016 (18)}) 9. Kf2 b5 10. Bd3 b4 {[%emt 0:04:43] The position is equal.} 11. Ne2 Nb6 (11... bxc3 $11 12. bxc3 Rb8) 12. g4 (12. dxc5 $14 Bxc5+ 13. Kg2) 12... h5 (12... bxc3 $15 13. bxc3 cxd4 14. Nexd4 Qxc3) 13. h3 {[%emt 0:06:00] [#]} (13. gxh5 $11 {keeps the balance.} bxc3 14. bxc3) 13... bxc3 $1 $17 14. bxc3 Na4 $1 15. Rb1 {[%emt 0:28:16] Threatens to win with Bb5.} hxg4 (15... Nxc3 $6 16. Nxc3 Qxc3 17. Bb5 $15) ({Black should play} 15... c4 $17 16. Bc2 Nxc3 17. Nxc3 hxg4 18. Nxd5 (18. Ba4 Bd7 $17) 18... exd5) 16. Rb5 $1 $14 Qc7 (16... Nxc3 17. Nxc3 Qxc3 18. Bb2 $16) 17. Qxa4 (17. hxg4 Rxh1 18. Qxh1 Ba6 $15) (17. Ng5 $1 $14 {stays ahead.} g3+ 18. Kxg3) 17... gxf3 $17 18. Kxf3 a6 19. Rb2 (19. dxc5 $2 Bd7 20. Kg2 Qc8 $19) 19... Bd7 20. Qd1 Na5 21. Be3 (21. Rb1 $15 {is more appropriate.}) 21... Nc4 22. Rb1 Be7 23. h4 Rxh4 {[%emt 0:09:32] Black has more active pieces.} ({Don't do} 23... Bxh4 24. Bf2 (24. dxc5 g5 $17) 24... Qd8 25. dxc5 $18) ({Better is} 23... g6 $17 24. Bg1 Bc6) 24. Rxh4 $11 Bxh4 25. Qg1 $1 ({Of course not} 25. Bxc4 dxc4 26. Kg4 Be7 27. dxc5 O-O-O $17) 25... g6 $36 {[%emt 0:02:05][%mdl 2048] Black has the initiative. Some like it hot} 26. Bxg6 {[%emt 0:02:54][%cal Og1g4] And now Qg4! would win.} fxg6 27. Qxg6+ Kd8 {[%emt 0:00:05][%cal Be8d8,Bd8e7,Be7f6][%mdl 32] Strongly threatening ...Qc6.} 28. Rh1 Be8 29. Qxe6 (29. Qh6 $11 Be7 30. Qxe6) 29... Bh5+ $19 {[%emt 0:01:12][%mdl 64] [#] Skewer, Deflection} 30. Kg2 Nxe3+ 31. Kh2 Qd7 32. Qb6+ Ke7 33. e6 Qxe6 {[%emt 0:01:21] Black mates.} 34. Qb7+ Kf6 35. Qxa8 Ng4+ {[%emt 0:00:13] Artfully played by Lalit Babu M R.   Weighted Error Value: White=0.77/Black=0.29 (precise)} 0-1

[Event "1st Bangalore GM-Open-A 2024"]
[Site "Bangalore"]
[Date "2024.01.19"]
[Round "3.1"]
[White "Gupta, Abhijeet"]
[Black "Thejkumar, M. S."]
[Result "1/2-1/2"]
[ECO "E08"]
[WhiteElo "2605"]
[BlackElo "2372"]
[Annotator "TA"]
[PlyCount "77"]
[EventDate "2024.01.20"]
[EventType "swiss"]
[EventCountry "IND"]
[SourceTitle "playchess.com"]
[Source "ChessBase"]
[SourceQuality "1"]
[TimeControl "5400+30"]

1. d4 d5 2. Nf3 Nf6 3. c4 e6 4. g3 Be7 5. Bg2 O-O 6. Nc3 Nbd7 7. Qd3 c5 8. cxd5 Nxd5 9. O-O Nb4 10. Qd1 Nf6 11. a3 {[%emt 0:01:11] E08: Closed Catalan: Main Line: 7 Qc2.} cxd4 {[%emt 0:07:33][%mdl 64] [#] Deflection} 12. Nxd4 $146 ({Predecessor:} 12. axb4 dxc3 13. bxc3 Nd5 14. Qb3 Qc7 15. Bd2 Nb6 16. Bf4 Qc4 17. Qxc4 Nxc4 18. Nd2 Nb6 {1-0 Carlsen,M (2834)-Boruchovsky,A (2542) PRO League Stage rapid 2018 (9)}) 12... e5 13. Ndb5 {[%emt 0:03:04] White is slightly better.} Nc6 14. Qxd8 Rxd8 15. Bg5 Bf5 16. Rfd1 a6 17. Bxf6 gxf6 18. Nc7 Rac8 19. Bxc6 ({White should play} 19. N7d5 $16) 19... bxc6 (19... Rxc7 $2 20. Nd5 Rxd5 21. Bxd5 $18) 20. Nxa6 Rxd1+ 21. Rxd1 Ra8 22. Nb4 Bxb4 23. axb4 $11 {[%emt 0:00:03][%mdl 4096] Endgame KRB-KRN} Rb8 24. Rd6 Rxb4 {[%emt 0:03:03] The position is equal.} 25. Rxc6 Rxb2 26. Rxf6 Bg4 27. e4 Rc2 28. Nd5 Kg7 {[%emt 0:06:12] [#] And now ...Bh3 would win.} 29. Kg2 {[%emt 0:02:53][%cal Od5e3] Prevents Bh3+.} Be6 {[%emt 0:00:07] Hoping for ...Bxd5.} 30. Ne3 {[%emt 0:00:45] Threatens to win with Rxe6.} Ra2 31. Rf3 Ra4 32. Nf5+ Bxf5 33. exf5 {[%emt 0:00:04] KR-KR} Kf6 34. h3 h5 35. h4 Rb4 36. Kf1 Rb2 37. Kg2 Rb4 38. Kf1 Rb2 39. Kg2 {[%emt 0:00:04] Weighted Error Value: White=0.09 (flawless) /Black=0.03 (flawless)} 1/2-1/2

[Event "1st Bangalore GM-Open-A 2024"]
[Site "Bangalore"]
[Date "2024.01.19"]
[Round "3.2"]
[White "Short, Nigel D"]
[Black "Moksh Amit Doshi"]
[Result "1-0"]
[ECO "C86"]
[WhiteElo "2592"]
[BlackElo "2355"]
[Annotator "TA"]
[PlyCount "97"]
[EventDate "2024.01.20"]
[EventType "swiss"]
[EventCountry "IND"]
[SourceTitle "playchess.com"]
[Source "ChessBase"]
[SourceQuality "1"]
[TimeControl "5400+30"]

1. e4 e5 2. Nf3 Nc6 3. Bb5 a6 4. Ba4 Nf6 5. O-O Be7 6. Qe2 b5 7. Bb3 O-O 8. c3 d5 9. d3 Bb7 10. Nbd2 Re8 11. a3 {[%emt 0:02:54] was the old line (11.Rd1).} Bf8 12. Re1 Na5 {[%emt 0:03:32] C86: Closed Ruy Lopez: Worrall Attack.} 13. Ba2 c5 14. b4 $1 cxb4 {[%emt 0:02:48] [#] White is slightly better.} 15. cxb4 $146 ({White should try} 15. axb4 $14 Nc6 16. exd5 Nxd5 17. Ne4) ({Predecessor:} 15. axb4 Nc6 16. exd5 Ne7 17. Nxe5 Ng6 18. Ndf3 Nxd5 19. Qd2 Nxe5 20. Nxe5 f6 21. Nf3 {0-1 Munguntuul,B (2410)-Vajda,L (2568) Dunajska Streda 2018 (6)}) 15... Nc6 $11 16. Bb2 h6 17. Rac1 (17. exd5 $11 Nd4 18. Qd1 (18. Bxd4 exd4 19. Ne4 Nxd5 $15)) 17... d4 $15 18. Nb3 Nd7 (18... a5 $17 19. bxa5 Nxa5) 19. Rc2 Rc8 (19... a5 $15 20. Nc5 Bxc5 21. bxc5 b4) 20. Rec1 $11 Qb6 (20... Nb6 $11) 21. Nh4 $14 Ne7 (21... Nf6 $142) 22. Na5 $16 Rxc2 23. Rxc2 Bc8 (23... Rc8 $16 {was necessary.}) 24. Qh5 $1 $18 g6 25. Qf3 Qf6 26. Rc7 Bg7 {[%emt 0:03:43] [#]} 27. Nb7 $1 {[%emt 0:06:52] White has more active pieces. The black rooks are badly placed.} Bxb7 28. Rxb7 Rd8 29. g3 Qxf3 30. Nxf3 Kf8 {[%emt 0:00:13] [#]} 31. a4 $1 {[%emt 0:06:02][%mdl 576] Deflection} bxa4 32. Bc4 (32. Ra7 $16) 32... Nc8 33. Ba3 Ke8 {[%emt 0:00:07] ...Nd6 would be deadly.} 34. Bxa6 Bf8 35. Nd2 {[%emt 0:07:30] aiming for Nc4.} Nd6 {[%emt 0:01:17] Wards off Nc4} 36. Ra7 Rb8 37. f4 f6 {[%emt 0:01:49] [#]} 38. Kf1 (38. Nc4 $1 $16) 38... Be7 (38... Kd8 $11) 39. Ke2 Nb6 40. fxe5 (40. Nc4 {seems wilder.} Nbxc4 41. dxc4 Nxe4 42. c5) 40... fxe5 41. Nf3 Nd7 42. h4 h5 43. Kd1 Bd8 {[%emt 0:01:50] [#] This costs Black the game.} (43... Kd8 $14) 44. Bc4 $1 {[%emt 0:00:23] And now Be6 would win.} Nxc4 (44... Nb5 {was worth a try.} 45. Bxb5 (45. Rxa4 $2 Nc3+ 46. Kc2 Nxa4 $19) 45... Rxb5 46. Rxa4 Rb8) 45. dxc4 Be7 46. c5 ({Stronger than} 46. Rxa4 Nb6 47. Ra6 Nxc4 $11) 46... Bxc5 (46... Bd8 $142 47. Rxa4 Nf6 48. Nxe5 Bc7) 47. bxc5 {[%emt 0:00:07][%cal Bb4c5,Bc5c6][%mdl 32] c6 would kill now. White is clearly winning.} Rb3 {[%emt 0:00:04] Prevents c6.} 48. c6 Nb6 49. Bc5 {[%emt 0:00:24] Weighted Error Value: White=0.15 (very precise) /Black=0.32} ({Less strong is} 49. Nxe5 Rxa3 50. Rb7 (50. Nxg6 Rd3+ 51. Ke1 Rxg3 $14) 50... Nc8 $18) 1-0